 Dungeon Crawl Stone Soup version bcrawl-1.12-8-g964540c432 (webtiles) character file.

Game seed: 7090880510223247613

14 Freyura the Magician (level 2, 0/17 HPs)
             Began as a Fairy Ice Elementalist on June 10, 2019.
             Slain by a kobold
             ... wielding a +0 club
              (6 damage)
             ... on level 2 of the Dungeon.
             The game lasted 00:03:48 (521 turns).

Freyura the Magician (Fairy Ice Elementalist)        Turns: 521, Time: 00:03:49

Health: 0/17       AC:  3    Str:  6    XL:     2   Next: 41%
Magic:  8/8        EV: 16    Int: 18    God:
Gold:   39         SH:  3    Dex: 12    Spells: 7/8 levels left

rFire    . . .     SeeInvis .   (weapon restricted)
rCold    . . .     Gourm    .   (shield restricted)
rNeg     . . .     Faith    .   (armour unavailable)
rPois    .         Spirit   .   (no helmet)
rElec    .         Reflect  .   (no cloak)
rCorr    .         Harm     .   (no gloves)
MR       .....                  (no boots)
Stlth    +.........             (no amulet)
HPRegen  0.05/turn              (no ring)
MPRegen  0.11/turn              (no ring)

@: flying evasively
A: small, magic attunement, unstealthy, unfitting armour, able to fly, AC/SH +3
a: Stop Flying


You were on level 2 of the Dungeon.
You were not hungry.

You visited 1 branch of the dungeon, and saw 2 of its levels.

You collected 39 gold pieces.

Inventory:

Scrolls
 a - 3 scrolls of identify {unknown}
 c - a scroll of blinking {unknown}
 g - a scroll of amnesia {unknown}
Potions
 d - a potion of brilliance {unknown}
 e - a potion of resistance {unknown}
 f - 2 potions of ambrosia {unknown}
 h - a potion of haste {unknown}
Comestibles
 b - 2 rations {!d}


   Skills:
 - Level 2.6 Dodging
 - Level 1.5 Stealth
 + Level 3.8 Spellcasting
   Level 1.2 Conjurations
 - Level 3.6 Ice Magic


You had 7 spell levels left.
You knew the following spells:

 Your Spells              Type           Power        Failure   Level  Hunger
a - Freeze                Ice            ###.         3%          1    None

Your spell library contained the following spells:

 Spells                   Type           Power        Failure   Level  Hunger
 Throw Frost              Conj/Ice       ##....       9%          2    None
 Ozocubu's Armour         Chrm/Ice       ##......     22%         3    None
 Throw Icicle             Conj/Ice       ##......     50%         4    None
 Summon Ice Beast         Ice/Summ       ##......     56%         4    None


Dungeon Overview and Level Annotations

Branches:
Dungeon (2/12)

Altars:


Innate Abilities, Weirdness & Mutations

Your spells do not cause hunger and MP costs are reduced by 1.
Your bright wings attract enemies. (Stealth-)
You cannot fit into any form of body armour.
Your shimmering scales are hard and can block incoming attacks. (AC +3, SH +3)
You are small and have problems with some larger weapons.
You can fly continuously.


Message History

The giant cockroach closely misses you. The kobold misses you.
The frilled lizard barely misses you. The giant cockroach barely misses you.
The giant cockroach bites you but does no damage.
The frilled lizard bites you but does no damage.
The kobold hits you with a +0 club.
The giant cockroach bites you but does no damage.
The frilled lizard bites you but does no damage.
The kobold barely misses you. The giant cockroach barely misses you.
The frilled lizard bites you but does no damage.
The giant cockroach closely misses you. The kobold hits you but does no damage.
The frilled lizard bites you but does no damage.
You block the giant cockroach's attack. The kobold barely misses you.
The frilled lizard misses you. The giant cockroach closely misses you.
The kobold barely misses you. The giant cockroach barely misses you.
The frilled lizard misses you. The kobold misses you.
The giant cockroach closely misses you. You block the frilled lizard's attack.
The giant cockroach barely misses you. The kobold hits you with a +0 club.
You die...

.. .# #.. .# ...
#. #.. #.. #..
#<# .###..##.#
.....$.#s##
.###...@K.####.#
.......l#.......
.###.#....##### #
#.......# #####
###.###.## .....
#.#....###.######
#..........#
....#.?..#####
#####.#.#########


You could see a giant cockroach, a kobold and a frilled lizard.

Vanquished Creatures
  An ooze (D:1)
  A leopard gecko (D:1)
  A giant cockroach (D:1)
  A hobgoblin (D:1)
  2 kobolds (D:1)
  2 bats (D:1)
  A rat (D:2)
9 creatures vanquished.

Notes
Turn   | Place    | Note
-------+----------+-------------------------------------------
     0 | D:1      | Freyura the Fairy Ice Elementalist began the quest for the
                  | Orb.
     0 | D:1      | Reached XP level 1. HP: 11/11 MP: 6/6
   222 | D:1      | Reached XP level 2. HP: 13/17 MP: 6/8
   521 | D:2      | Slain by a kobold

Skill      XL: |  1 |
---------------+----+-----
Spellcasting   | 3 |  3.8
Dodging        | |  2.6
Stealth        | |  1.5
Conjurations   | |  1.2
Ice Magic      | |  3.6

Action                   || total
-------------------------++-------
Melee: Unarmed           ||     5
 Cast: Freeze            ||    14
Armor: Skin              ||    12
Dodge: Dodged            ||    81
Block: Other             ||    10
